 Dungeon Crawl Stone Soup version 0.26.1-11-gd32895ea62 (webtiles) character file.

Game seed: 6656455448694456114

34 Zeld the Insei (level 3, -3/23 HPs)
             Began as an Octopode Transmuter on June 4, 2021.
             Slain by an adder (4 damage)
             ... on level 2 of the Dungeon.
             The game lasted 00:00:58 (1963 turns).

Zeld the Insei (Octopode Transmuter)                Turns: 1963, Time: 00:00:58

Health: -3/23      AC:  1    Str: 10    XL:     3   Next: 31%
Magic:  6/6        EV: 13    Int: 15    God:
Gold:   71         SH:  0    Dex: 12    Spells: 1/7 levels left

rFire    . . .     SeeInvis .     - Unarmed
rCold    . . .     Faith    .   (no shield)
rNeg     . . .     Spirit   .   (helmet restricted)
rPois    .         Reflect  .   (no amulet)
rElec    .         Harm     .   (no ring)
rCorr    .         Rampage  .   (no ring)
Will     .....                  (no ring)
Stlth    ++........             (no ring)
HPRegen  0.07/turn              (no ring)
MPRegen  0.10/turn              (no ring)
                                (no ring)
                                (no ring)

@: lethally poisoned (-3 -> -8)
A: almost no armour, stealthy swim, amphibious, 8 rings, constrict 8, camouflage
1, gelatinous body 1
a: no special abilities


You were on level 2 of the Dungeon.
You visited 1 branch of the dungeon, and saw 2 of its levels.

You collected 71 gold pieces.

Inventory:

Jewellery
 b - a cursed +6 ring of strength {unknown}
Scrolls
 c - a scroll of remove curse {unknown}
 d - a scroll of enchant weapon {unknown}
 e - a scroll of identify {unknown}
 f - 2 scrolls of teleportation {unknown}
Potions
 a - a potion of might {unknown}


   Skills:
 + Level 1.4 Fighting
 + Level 2.3 Dodging
 - Level 3.0 Unarmed Combat
 * Level 2.5 Spellcasting
 * Level 2.6 Transmutations


You had one spell level left.
You knew the following spells:

 Your Spells              Type           Power        Failure   Level
a - Beastly Appendage     Tmut           18%          7%          1
b - Wereblood             Tmut           9%           11%         2
c - Spider Form           Tmut/Pois      2%           36%         3

Your spell library contained the following spells:

 Spells                   Type           Power        Failure   Level
 Ice Form                 Ice/Tmut       5%           77%         4
 Blade Hands              Tmut           4%           89%         5


Dungeon Overview and Level Annotations

Branches:
Dungeon (2/15)

Altars:


Innate Abilities, Weirdness & Mutations

You cannot wear most types of armour.
You are very stealthy in the water. (Stealth+)
You are amphibious.
You can wear up to eight rings at the same time.
You can use your tentacles to constrict eight enemies at once.
Your skin changes colour to match your surroundings (Stealth+).
Your rubbery body absorbs attacks. (AC +1, EV +1)


Message History

The adder closely misses you. The quokka bites you.
You closely miss the quokka. Your grab misses the quokka.
You constrict the adder. The adder bites you. The quokka misses you.
You are too injured to fight recklessly!
You closely miss the quokka. You grab the quokka. You squeeze the quokka.
You kill the quokka!
Your tentacle spike disappears.
You constrict the adder. The adder barely misses you. The adder bites you.
* * * LOW HITPOINT WARNING * * *
The jackal bites you but does no damage.
You are too injured to fight recklessly!
You are too injured to fight recklessly!
You release your grip on the adder.
The adder bites you.
* * * LOW HITPOINT WARNING * * *
You are lethally poisoned!
The adder poisons you!
There is a stone staircase leading up, spattered with blood here.
* * * LOW HITPOINT WARNING * * *
You feel sick. The adder bites you.
You die...

#...÷<÷...#
#.######..
##.......##
#.........
##.....##
#..######
#######
####.[.# .
#≈≈≈≈≈≈#
..####...#
... #.!##
....##..#
.......@#
....##Sh#
... ##†# #.
#†# # #.#
... #.# #.#
#.#


You could see an adder and a jackal.

Vanquished Creatures
  An adder (D:1)
  A dart slug (D:1)
  A bat (D:1)
  3 goblins
  3 hobgoblins
  5 jackals
  A kobold (D:1)
  A quokka (D:2)
  2 frilled lizards (D:1)
  2 rats (D:1)
20 creatures vanquished.

Notes
Turn   | Place    | Note
-------+----------+-------------------------------------------
     0 | D:1      | Zeld the Octopode Transmuter began the quest for the Orb.
     0 | D:1      | Reached XP level 1. HP: 13/13 MP: 3/3
   139 | D:1      | Reached XP level 2. HP: 4/18 MP: 3/5
   142 | D:1      | Learned a level 2 spell: Wereblood
  1448 | D:1      | Reached XP level 3. HP: 6/23 MP: 6/6
  1456 | D:1      | Learned a level 3 spell: Spider Form
  1963 | D:2      | HP: 1/23 [poisoned by an adder]
  1963 | D:2      | Slain by an adder

Illustrated notes

Levels and vault maps discovered:
D:1:      erik_arrival_triangle_large, layout_basic, minmay_strange_pillars,
          nrook_campfire
D:2:      minmay_general_purpose_star, layout_loops_ring, serial_rivers,
          chequers_serial_rivers_room_b, chequers_serial_rivers_micro_b,
          chequers_serial_rivers_small_3, chequers_serial_rivers_micro_e,
          chequers_serial_rivers_micro_a, grunt_ministairs_10, uniq_robin

Action                   || total
-------------------------++-------
Melee: Unarmed           ||    52
       Kick              ||    12
       Constrict         ||    19
       Tentacles         ||     8
 Cast: Beastly Appendage ||    16
Armor: Skin              ||     7
Dodge: Dodged            ||    40
